 Dungeon Crawl Stone Soup version 0.32-a0-996-gb3226c233f (webtiles) character file.

Game seed: 1557507965830792703

67 HilariousDeathArtist the Apothecary (level 4, 0/34 HPs)
             Began as a Coglin Alchemist on Apr 23, 2024.
             Slain by an iguana (9 damage)
             ... on level 3 of the Dungeon.
             The game lasted 00:03:55 (2398 turns).

HilariousDeathArtist the Apothecary (CoAl)          Turns: 2398, Time: 00:03:56

Health: 0/34       AC:  5    Str:  9    XL:     4   Next: 16%
Magic:  1/7        EV: 11    Int: 16    God:
Gold:   154        SH:  0    Dex: 14    Spells: 1/7 levels left

rFire   . . .        b - +0 sling {Haoran}
rCold   . . .        (no shield)
rNeg    . . .        f - +0 robe {Will+}
rPois   .            e - +0 helmet
rElec   .            i - +0 cloak
rCorr   .            q - +0 pair of gloves
SInv    .            (no boots)
Will    +....        (amulet unavailable)
Stlth   ++           (ring unavailable)
HPRegen 0.25/turn    (ring unavailable)
MPRegen 0.10/turn    (no gizmo)

%: no passive effects
@: very slightly contaminated, revving
A: off-hand wielding, slow wielding, warmup strikes, no jewellery
a: Invent Gizmo


You were on level 3 of the Dungeon.
You visited 1 branch of the dungeon, and saw 3 of its levels.

You collected 154 gold pieces.

Inventory:

Hand Weapons
 b - a +0 sling (weapon) {Haoran}
   (You found it on level 1 of the Dungeon)
Missiles
 j - 3 boomerangs
 l - 5 poisoned darts
 s - 20 stones
Armour
 e - a +0 helmet (worn)
   (You found it on level 3 of the Dungeon)
 f - a +0 robe of willpower (worn)
   (You found it on level 3 of the Dungeon)
 i - a +0 cloak (worn)
   (You found it on level 1 of the Dungeon)
 q - a +0 pair of gloves (worn)
   (You found it on level 3 of the Dungeon)
Magical Staves
 g - a staff of death {rN+}
   (You found it on level 2 of the Dungeon)
Wands
 p - a wand of paralysis (9)
   (You found it on level 3 of the Dungeon)
Scrolls
 d - a scroll of enchant armour
 h - 2 scrolls of amnesia
 m - a scroll of blinking {unknown}
 E - a scroll of fear
 K - a scroll of immolation {!r}
 Y - a scroll of teleportation {@r3}
Potions
 a - a potion of haste {unknown}
 c - a potion of attraction {unknown}
 k - a potion of lignification {unknown}
 n - a potion of curing {unknown}
 o - 3 potions of might {unknown}
 M - 2 potions of magic


   Skills:
 + Level 2.5 Fighting
 - Level 1.7 Dodging
 - Level 1.5 Stealth
 + Level 2.0 Spellcasting
 + Level 1.3 Conjurations
 + Level 0.8 Earth Magic
 - Level 3.5 Alchemy


You had one spell level left.
You knew the following spells:

 Your Spells              Type           Power      Damage    Failure   Level
a - Sting                 Conj/Alch      36%        1d5       8%          1
x - Stone Arrow           Conj/Erth      10%        3d7       36%         3
z - Mercury Vapours       Alch/Air       14%        N/A       16%         2

Your spell library contained the following spells:

 Spells                   Type           Power      Damage    Failure   Level
 Magic Dart               Conj           24%        1d4       12%         1
 Blink                    Tloc           2%         N/A       30%         2
 Call Imp                 Summ           2%         N/A       30%         2
 Mephitic Cloud           Conj/Alch/Air  6%         N/A       30%         3
 Olgreb's Toxic Radiance  Alch           13%        N/A       43%         4
 Sticky Flame             Fire/Alch      7%         2d4       69%         4
 Animate Armour           Summ/Erth      6%         N/A       86%         4
 Seismic Cannonade        Alch/Erth      4%         6d5       100%        7
 Lehudib's Crystal Spear  Conj/Erth      2%         10d2      100%        8


Dungeon Overview and Level Annotations

Branches:
Dungeon (3/15)

Altars:
Dithmenos
Elyvilon
Fedhas
Gozag
Trog
Yredelemnul
The Shining One

Annotations:
D:2 Sigmund


Innate Abilities, Weirdness & Mutations

You can wield a second weapon in your off-hand.
It takes a long time for you to wield or remove held weapons.
Your first few attacks do less damage.
You cannot equip rings or amulets.


Message History

The sling bullet barely misses the endoplasm.
An endoplasm is nearby!
You shoot a sling bullet. The sling bullet hits the endoplasm.
An endoplasm is nearby!
You shoot a sling bullet.
The sling bullet hits the endoplasm but does no damage.
An endoplasm is nearby!
You shoot a sling bullet. The sling bullet hits the endoplasm.
You kill the endoplasm!
No target in view!
k - a murky coppery potion
q - a +0 pair of gloves You start putting on your armour.
You continue putting on your +0 pair of gloves. x4
You finish putting on your +0 pair of gloves.
s - 20 stones (gained 3)
You see here a +0 ring mail.
Found a white marble altar of Elyvilon.
Found a blossoming altar of Fedhas.
You can't see any susceptible monsters within range! (Use Z to cast anyway.) Unknown command.
Found four altars.
There is a fountain of sparkling water here.
There is a shadowy altar of Dithmenos here.
You pick up a book of Minor Magic and begin reading...
You add the spells Magic Dart, Blink and Call Imp to your library.
Okay, then.
Found an opulent altar of Gozag.
You now have 143 gold pieces (gained 14).
There is an opulent altar of Gozag here.
You now have 154 gold pieces (gained 11).
You open the door.
An iguana comes into view.
You shoot a sling bullet. The iguana hisses angrily.
The sling bullet hits the iguana.
You shoot a sling bullet.
The sling bullet hits the iguana but does no damage.
The iguana misses you.
You shoot a sling bullet.
The sling bullet hits the iguana but does no damage.
The iguana bites you but does no damage.
You shoot a sling bullet.
The sling bullet closely misses the iguana.
The iguana bites you but does no damage.
The iguana closely misses you.
You shoot a sling bullet.
The sling bullet closely misses the iguana.
The iguana barely misses you.
You shoot a sling bullet.
The sling bullet barely misses the iguana.
The iguana completely misses you.
You shoot a sling bullet.
The sling bullet hits the iguana but does no damage.
The iguana barely misses you. The iguana bites you!
You take 10 damage, and have 24/34 hp.
MASSIVE DAMAGE!!
You shoot a sling bullet. The sling bullet hits the iguana.
The iguana completely misses you.
You shoot a sling bullet.
The sling bullet closely misses the iguana.
The iguana bites you.
The iguana bites you but does no damage.
You take 4 damage, and have 20/34 hp.
You shoot a sling bullet. The sling bullet hits the iguana.
The iguana bites you but does no damage.
You shoot a sling bullet.
The sling bullet hits the iguana but does no damage.
The iguana closely misses you.
Press: ? - help, Shift-Dir - straight line, f/p - iguana
Aim: an iguana (moderately wounded, 72% to hit)
The sting hits the iguana but does no damage.
The iguana is poisoned.
The iguana completely misses you.
You now have 6/7 mp.
Press: ? - help, Shift-Dir - straight line, f/p - iguana
Aim: an iguana (heavily wounded, poisoned, 72% to hit)
You miscast Sting.
You are very lightly contaminated with residual magic.
Nothing appears to happen.
The iguana barely misses you.
You now have 5/7 mp.
Press: ? - help, Shift-Dir - straight line, f/p - iguana
Aim: an iguana (heavily wounded, poisoned, 72% to hit)
The sting hits the iguana.
The iguana looks even sicker.
The iguana bites you.
You take 1 damage, and have 20/34 hp.
You now have 4/7 mp.
Press: ? - help, Shift-Dir - straight line, f/p - iguana
Aim: an iguana (severely wounded, very poisoned, 72% to hit)
The sting hits the iguana.
The iguana looks even sicker.
The iguana bites you.
You take 4 damage, and have 16/34 hp.
You now have 3/7 mp.
Press: ? - help, Shift-Dir - straight line, f/p - iguana
Aim: an iguana (severely wounded, very poisoned, 72% to hit)
You miscast Sting.
Nothing appears to happen.
The iguana bites you!
* * * LOW HITPOINT WARNING * * *
You take 7 damage, and have 9/34 hp.
MASSIVE DAMAGE!!
You now have 2/7 mp.
Press: ? - help, Shift-Dir - straight line, f/p - iguana
Aim: an iguana (almost dead, very poisoned, 72% to hit)
The sting misses the iguana.
The iguana bites you!
You die...

# #
........#
#
.......###
........
......#
.....
##########
...
.........#
##l#
.........#
#.@#
.........#
###.###
.........#
#.....#
.........#
#.#.###
....######
#.._..#
###.#
###.#.#
.##.#
#.....#
###.#
###.###
#.# #.#


You could see an iguana (very poisoned).

Vanquished Creatures
  3 adders
  2 dart slugs
  5 endoplasms
  A giant cockroach (D:2)
  3 goblins
  4 hobgoblins
  2 quokkas
  4 ball pythons
  4 bats
  2 frilled lizards
  3 kobolds
  3 rats
36 creatures vanquished.

Notes
Turn   | Place    | Note
-------+----------+-------------------------------------------
     0 | D:1      | HilariousDeathArtist the Coglin Alchemist began the quest
                  | for the Orb.
     0 | D:1      | Reached XP level 1. HP: 13/13 MP: 3/3
   150 | D:1      | Reached skill level 1 in Fighting
   195 | D:1      | Reached XP level 2. HP: 21/21 MP: 4/4
   354 | D:1      | Learned a level 2 spell: Mercury Vapours
   404 | D:1      | Reached skill level 2 in Fighting
   785 | D:2      | HP: 2/22 [adder (4)]
   790 | D:2      | Reached skill level 1 in Conjurations
   790 | D:2      | Reached XP level 3. HP: 7/27 MP: 5/5
   790 | D:2      | HP: 6/27 [poisoned by an adder]
  1075 | D:2      | Noticed Sigmund
  1780 | D:3      | Reached skill level 2 in Spellcasting
  1783 | D:3      | Reached XP level 4. HP: 24/34 MP: 0/7
  1787 | D:3      | Learned a level 3 spell: Stone Arrow
  2325 | D:3      | Found a white marble altar of Elyvilon.
  2327 | D:3      | Found a blossoming altar of Fedhas.
  2328 | D:3      | Found a basalt altar of Yredelemnul.
  2328 | D:3      | Found a glowing golden altar of the Shining One.
  2328 | D:3      | Found a shadowy altar of Dithmenos.
  2328 | D:3      | Found a bloodstained altar of Trog.
  2359 | D:3      | Found an opulent altar of Gozag.
  2398 | D:3      | Slain by an iguana

Illustrated notes

Levels and vault maps discovered:
D:1:      dpeg_arrival_pond, layout_basic, grunt_decor_mini_mirrors,
          kennysheep_crisscross
D:2:      layout_basic, nicolae_underground_beach, uniq_sigmund
D:3:      layout_basic, grunt_temple_overflow_open,
          nicolae_gozag_cash_rules_everything_around_me

Skill      XL: |  1  2  3 |
---------------+----------+-----
Fighting       | 1 2 |  2.5
Conjurations   | 1 |  1.3
Spellcasting   | 2 |  2.0
Dodging        | |  1.7
Stealth        | |  1.5
Earth Magic    | |  0.8
Alchemy        | |  3.5

Action                     |  1- 3 |  4- 6 || total
---------------------------+-------+-------++-------
  Melee: Unarmed           |     8 |       ||     8
   Fire: Sling             |    57 |    34 ||    91
   Cast: Sting             |    36 |     5 ||    41
    Use: Scroll            |     2 |     4 ||     6
         Potion            |     1 |       ||     1
 Armour: Robe              |    31 |    22 ||    53
  Dodge: Dodged            |    28 |    17 ||    45

Table legend: (Time is in decaauts)
 A = Elapsed time spent in this place.
 B = Non-inter-level travel time spent in this place.
 C = Inter-level travel time spent in this place.
 D = Time resting spent in this place.
 E = Time spent auto-exploring this place.
 F = Levels seen in this place.
 G = Mean time per level.
                   A        B        C        D        E       F      G
               +--------+--------+--------+--------+--------+-----+--------+
         Total |   2433 |   2397 |     36 |     39 |   2027 |   3 |  811.0 |
       Dungeon |   2433 |   2397 |     36 |     39 |   2027 |   3 |  811.0 |
               +--------+--------+--------+--------+--------+-----+--------+

Top non-repeatable levels by time:
     D:2: 1075 daAuts
     D:1: 719 daAuts
     D:3: 638 daAuts

Levels and vault maps discovered:
D:1:      dpeg_arrival_pond, layout_basic, grunt_decor_mini_mirrors,
          kennysheep_crisscross
D:2:      layout_basic, nicolae_underground_beach, uniq_sigmund
D:3:      layout_basic, grunt_temple_overflow_open,
          nicolae_gozag_cash_rules_everything_around_me

Table legend: (Time is in decaauts)
 A = Elapsed time spent in this place.
 B = Non-inter-level travel time spent in this place.
 C = Inter-level travel time spent in this place.
 D = Time resting spent in this place.
 E = Time spent auto-exploring this place.
 F = Levels seen in this place.
 G = Mean time per level.
                   A        B        C        D        E       F      G
               +--------+--------+--------+--------+--------+-----+--------+
         Total |   2433 |   2397 |     36 |     39 |   2027 |   3 |  811.0 |
       Dungeon |   2433 |   2397 |     36 |     39 |   2027 |   3 |  811.0 |
               +--------+--------+--------+--------+--------+-----+--------+

Top non-repeatable levels by time:
     D:2: 1075 daAuts
     D:1: 719 daAuts
     D:3: 638 daAuts

Table legend:
 A = Kills in this place as a percentage of kills in the entire game.
 B = Kills by you in this place as a percentage of kills by you in the entire game.
 C = Kills by friends in this place as a percentage of kills by friends in the entire game.
 D = Other kills in this place as a percentage of other kills in the entire game.
 E = Experience gained in this place as a percentage of experience gained in the entire game.
 F = Experience gained in this place divided by the number of levels of this place that you have seen.
                   A       B       C       D       E      F
               +-------+-------+-------+-------+-------+----------------------
         Total | 100.0 | 100.0 |   N/A |   N/A | 100.0 |  32.0
       Dungeon | 100.0 | 100.0 |   N/A |   N/A | 100.0 |  32.0
               +-------+-------+-------+-------+-------+----------------------
